 Dungeon Crawl Stone Soup version 0.29.1-15-g9cfb28693d (webtiles) character file.

Game seed: 4198959478605795294

35 Coron the Covered (level 3, -1/33 HPs)
             Began as a Meteoran Fighter on Mar 24, 2023.
             Succumbed to a goblin's poison
             ... on level 3 of the Dungeon.
             The game lasted 00:01:56 (254 turns).

Coron the Covered (Meteoran Fighter)                 Turns: 254, Time: 00:01:56

Health: -1/33      AC:  7    Str: 20    XL:     3   Next: 76%
Magic:  4/4        EV:  9    Int: 15    God:
Gold:   32         SH:  5    Dex: 13    Spells: 2/2 levels left

rFire   . . .      SeeInvis .   a - +0 war axe
rCold   . . .      Faith    .   c - +0 buckler
rNeg    . . .      Spirit   .   b - +0 scale mail
rPois   .          Reflect  .   (no helmet)
rElec   .          Harm     .   (no cloak)
rCorr   .          Rampage  .   (no gloves)
Will    .....                   (no boots)
Stlth   ..........              (no amulet)
HPRegen 0.11/turn               m - +6 ring of intelligence
MPRegen 0.09/turn               (no ring)

@: lethally poisoned (-1 -> -10), glowing
A: sense surroundings 1, otherworldly, glowing, explore regen
a: no special abilities


You were on level 3 of the Dungeon.
You visited 1 branch of the dungeon, and saw 3 of its levels.

You collected 32 gold pieces.

Inventory:

Hand Weapons
 a - a +0 war axe (weapon)
Armour
 b - a +0 scale mail (worn)
 c - a +0 buckler (worn)
 g - a +0 chain mail
Jewellery
 m - a +6 ring of intelligence (left hand)
Wands
 j - a wand of paralysis (15)
Scrolls
 f - a scroll of teleportation {unknown}
 h - 2 scrolls of identify {unknown}
Potions
 d - a potion of might
 e - a potion of haste {unknown}
 i - 4 potions of mutation {unknown}
 k - a potion of curing {unknown}
 l - a potion of brilliance {unknown}


   Skills:
 + Level 3.9 Fighting
 - Level 3.0 Axes
 + Level 4.0 Armour
 - Level 4.0 Shields


You had 2 spell levels left.
You didn't know any spells.
Your spell library contained the following spells:

 Spells                   Type           Power      Damage    Failure   Level
 Apportation              Tloc           0%         N/A       69%         1
 Necrotise                Necr           0%         1d4       69%         1
 Summon Small Mammal      Summ           0%         N/A       69%         1


Dungeon Overview and Level Annotations

Branches:
Dungeon (3/15) Zot: 1530

Altars:

Shops:
D:2 (


Innate Abilities, Weirdness & Mutations

You passively map a small area around you.
You are easily found by Zot.
You glow in the dark.
You regain HP and MP as you explore.


Message History

You hit the kobold but do no damage. The kobold barely misses you.
You barely miss the kobold. The kobold barely misses you.
You barely miss the kobold. The kobold hits you but does no damage.
The kobold hits you with a +0 club.
You barely miss the kobold. The kobold hits you but does no damage.
You completely miss the kobold. The kobold hits you with a +0 club.
The kobold hits you but does no damage.
You closely miss the kobold. The kobold hits you but does no damage.
You hit the kobold.
The kobold is moderately wounded.
The kobold hits you with a +0 club. x2
You miss the kobold. The kobold hits you but does no damage.
You hit the kobold but do no damage. The kobold hits you but does no damage.
You completely miss the kobold.
The kobold hits you but does no damage. x2
You barely miss the kobold. The kobold hits you but does no damage.
You slash the kobold!
You kill the kobold!
You barely miss the goblin. The goblin barely misses you.
The goblin hits you but does no damage.
You are poisoned.
You barely miss the goblin.
You feel very sick. The goblin hits you but does no damage.
You are more poisoned.
You barely miss the goblin.
You feel very sick.
The goblin hits you but does no damage. x2
You hit the goblin but do no damage.
You feel sick.
The goblin hits you with a +2 dagger of venom.
* * * LOW HITPOINT WARNING * * *
You are lethally poisoned!
You slash the goblin!
You kill the goblin!
* * * LOW HITPOINT WARNING * * *
You feel very sick.
* * * LOW HITPOINT WARNING * * *
You feel very sick.
Items here: ))) †††.
Found a quarterstaff.
You die...

###..###.##.#
*#...## #...# ,,
#.##.###.#### #
#.# #.#.# .# #.#
#...#####.# *
#.###.......... ,
#.##.##........# *
#..........###.#.#
####<##.##..)@...#
#.##.######...#
#.##.# * * ...# ,
, #[##.# ,....., ,
#.##.# * .......
#.##.# , .#)###.
#.##.# .#.# , * ,
.#.. , , *


There were no monsters in sight!

Vanquished Creatures
  Jessica (D:2)
  A giant cockroach (D:3)
  A quokka (D:2)
  A ball python (D:2)
  A bat (D:1)
  A frilled lizard (D:1)
  2 goblins (D:3)
  3 kobolds
11 creatures vanquished.

Notes
Turn   | Place    | Note
-------+----------+-------------------------------------------
     0 | D:1      | Coron the Meteoran Fighter began the quest for the Orb.
     0 | D:1      | Reached XP level 1. HP: 19/19 MP: 2/2
    74 | D:2      | Found Axapeu's Antique Weapon Emporium.
    90 | D:2      | Noticed Jessica
    94 | D:2      | Killed Jessica
    95 | D:2      | Reached XP level 2. HP: 27/27 MP: 3/3
    95 | D:2      | Reached XP level 3. HP: 33/33 MP: 4/4
   253 | D:3      | HP: 1/33 [poisoned by a goblin]
   254 | D:3      | Succumbed to a goblin's poison

Illustrated notes

Levels and vault maps discovered:
D:1:      amcnicky_arrival_feature_with_door, layout_loops_corners,
          hellmonk_ecumenical_altar_lost_god, serial_glass, glass_columns_a,
          glass_columns_b, glass_columns_a, glass_columns_a, glass_columns_a,
          glass_columns_b, glass_columns_a, glass_columns_b, glass_columns_a,
          glass_columns_c, glass_columns_b, glass_columns_b, glass_columns_a,
          glass_columns_b, chequers_serial_rivers_micro_c
D:2:      layout_basic, serial_shops, shop, uniq_jessica
D:3:      minmay_general_purpose_star, layout_loops_ring

Skill      XL: |  1 |
---------------+----+-----
Axes           | 3 |  3.0
Armour         | 4 |  4.0
Shields        | 4 |  4.0
Fighting       | |  3.9

Action                   || total
-------------------------++-------
Melee: War axe           ||    41
Armor: Scale mail        ||    22
Dodge: Dodged            ||    15
Block: Buckler           ||     8
